 Dungeon Crawl Stone Soup version 0.30.0-29-ga12c61a403 (webtiles) character file.

Game seed: 4469305068282414778

279 ChiefBigBeans the Ducker (level 6, -1/47 HPs)
             Began as a Demonspawn Gladiator on June 21, 2023.
             Slain by ppsocheesy's ghost (20 damage)
             ... on level 4 of the Dungeon.
             The game lasted 00:07:57 (2130 turns).

ChiefBigBeans the Ducker (Demonspawn Gladiator)     Turns: 2130, Time: 00:07:57

Health: -1/47      AC:  6    Str: 16    XL:     6   Next: 5%
Magic:  6/6        EV: 10    Int: 10    God:
Gold:   189        SH:  0    Dex: 14    Spells: 5/5 levels left

rFire   . . .        n - +7 Throatcutter {drain, coup de grace}
rCold   . . .        l - orb {light}
rNeg    . . .        o - +0 scale mail
rPois   .            (helmet restricted)
rElec   .            (no cloak)
rCorr   .            (no gloves)
SInv    .            (no boots)
Will    .....        (no amulet) Stlth
                     (no ring)
HPRegen 0.27/turn    (no ring)
MPRegen 0.10/turn

%: clarity
@: glowing, unable to drink
A: antennae 2, hooves 2, clarity, inability to drink after injury 1
a: no special abilities


You were on level 4 of the Dungeon.
You visited 1 branch of the dungeon, and saw 4 of its levels.

You collected 189 gold pieces.

Inventory:

Hand Weapons
 a - a +1 trident
 m - a +0 dagger
 n - the +7 Throatcutter (weapon) {drain, coup de grace}
   (You found it on level 2 of the Dungeon)
Missiles
 d - 3 throwing nets (quivered)
 e - 6 javelins
Armour
 b - a +0 leather armour
 c - a +0 helmet
 f - a +0 ring mail
 l - an orb of light (worn)
 o - a +0 scale mail (worn)
Jewellery
 h - a +6 ring of dexterity
Wands
 r - a wand of flame (11)
Scrolls
 g - a scroll of enchant weapon
 i - 2 scrolls of teleportation
 j - 2 scrolls of poison
 p - a scroll of identify
 q - a scroll of fog {unknown}
Potions
 k - a potion of curing
 s - a potion of might {unknown}
 t - a potion of degeneration {unknown}
 u - a potion of ambrosia
 v - a potion of heal wounds {unknown}


   Skills:
 + Level 3.4 Fighting
 + Level 2.2 Long Blades
 - Level 3.1 Polearms
 - Level 1.7 Throwing
 + Level 2.3 Armour
 + Level 3.8 Dodging


You had 5 spell levels left.
You didn't know any spells.
Your spell library contained the following spells:

 Spells                   Type           Power      Damage    Failure   Level
 Apportation              Tloc           0%         N/A       80%         1
 Necrotise                Necr           0%         1d4       80%         1
 Summon Small Mammal      Summ           0%         N/A       80%         1


Dungeon Overview and Level Annotations

Branches:
Dungeon (4/15)
 Temple: D:4-7

Altars:
Vehumet

Annotations:
D:4 ppsocheesy's ghost, novice TrBe


Innate Abilities, Weirdness & Mutations

You have a pair of antennae on your head.
You have hoof-like feet.
You possess an exceptional clarity of mind.
You occasionally lose the ability to drink potions when taking damage.


Message History

You sense a monster nearby.
A hobgoblin comes into view.
The hobgoblin shouts!
The hobgoblin closely misses you.
You hit the hobgoblin. You drain the hobgoblin.
You kill the hobgoblin!
No target in view!
You see here a hobgoblin corpse.
Found a stone staircase leading up.
There is a stone staircase leading up here.
j - 2 scrolls of poison (gained 1) Ppsocheesy's ghost turns its malevolent gaze towards you.
A hobgoblin comes into view.
The hobgoblin shouts!
You hear an angry hiss.
A hobgoblin is nearby!
Found a short sword.
Ppsocheesy's ghost makes a sound of rattling chains.
You now have 189 gold pieces (gained 17).
There are no items here.
Ppsocheesy's ghost says, "Do you think the gods will protect you?"
The hobgoblin hits you.
You slash the hobgoblin!
You kill the hobgoblin!
You see here a hobgoblin corpse.
You open the large door. You slash ppsocheesy's ghost!
You kick ppsocheesy's ghost.
Ppsocheesy's ghost is lightly damaged.
Ppsocheesy's ghost wails, "I have seen your future, and it is all used up."
Ppsocheesy's ghost misses you. Ppsocheesy's ghost barely misses you.
You hit ppsocheesy's ghost but do no damage.
Ppsocheesy's ghost is lightly damaged.
Ppsocheesy's ghost hits you!
You hit ppsocheesy's ghost.
Ppsocheesy's ghost is moderately damaged.
Ppsocheesy's ghost hits you!
You slash ppsocheesy's ghost!
Ppsocheesy's ghost is moderately damaged.
Ppsocheesy's ghost hits you!!
You feel threatened and lose the ability to drink potions!
You die...

.......##..###....####
#.# .......#...#
.......{ #.#
######.#...#.###.####
#.# #.####### #.###
#.# #.. ##.≈##...# #.#
### #.#..#...### #.#
##..⌠.#.....# #.#
#~?).≈§.....# #.#
##.~#.W@....# #.#
#~..~.#.....# #.#
###.~~#.....# #.#
#.##.#†....#####.# #
####.....<.....#
#........#######
#........# #.########
...


You could see ppsocheesy's ghost.

Vanquished Creatures
  A scorpion (D:4)
  A hound (D:4)
  An orc priest (D:4)
  An iguana (D:2)
  An orc wizard (D:3)
  3 adders
  A worm (D:2)
  3 dart slugs (D:1)
  8 orcs
  6 endoplasms
  3 giant cockroaches (D:1)
  6 goblins
  5 hobgoblins
  6 jackals (D:2)
  7 kobolds
  2 quokkas (D:1)
  5 ball pythons
  4 bats
  4 frilled lizards
  4 rats
72 creatures vanquished.

Notes
Turn   | Place    | Note
-------+----------+-------------------------------------------
     0 | D:1      | ChiefBigBeans the Demonspawn Gladiator began the quest for
                  | the Orb.
     0 | D:1      | Reached XP level 1. HP: 16/16 MP: 1/1
   156 | D:1      | Discovered your monstrous ancestry.
   156 | D:1      | Gained mutation: You have large cloven feet. [demonic
                  | ancestry]
   156 | D:1      | Reached XP level 2. HP: 22/22 MP: 2/2
   339 | D:1      | Reached skill level 1 in Armour
   346 | D:1      | Gained mutation: You have a pair of small antennae on your
                  | head. [demonic ancestry]
   346 | D:1      | Reached XP level 3. HP: 28/28 MP: 3/3
  1025 | D:2      | Found the +7 Throatcutter {drain, coup de grace}
  1153 | D:2      | Gained mutation: You have hoof-like feet. [demonic
                  | ancestry]
  1153 | D:2      | Reached XP level 4. HP: 34/34 MP: 4/4
  1157 | D:2      | Gained mutation: You occasionally lose the ability to drink
                  | potions when taking damage. [potion of mutation]
  1157 | D:2      | Gained mutation: You possess an exceptional clarity of
                  | mind. [potion of mutation]
  1324 | D:2      | Reached skill level 1 in Long Blades
  1579 | D:3      | Reached XP level 5. HP: 40/40 MP: 5/5
  1957 | D:4      | Found a radiant altar of Vehumet.
  2015 | D:4      | Gained mutation: You have a pair of antennae on your head.
                  | [demonic ancestry]
  2015 | D:4      | Reached XP level 6. HP: 47/47 MP: 6/6
  2105 | D:4      | Found a large runed translucent door.
  2105 | D:4      | Found a large runed translucent door.
  2111 | D:4      | Noticed ppsocheesy's ghost (novice TrBe)
  2130 | D:4      | Slain by ppsocheesy's ghost

Illustrated notes

Levels and vault maps discovered:
D:1:      reono_arrival_forest_river, layout_loops_ring, grunt_decor_cap
D:2:      layout_loops_ring
D:3:      layout_rooms
D:4:      layout_basic, vehumet_altar_wand_db, ebering_ghost_disaster_area,
          minmay_misc_feat_more_columns

Skill      XL: |  1  2  3  4  5 |
---------------+----------------+-----
Dodging        | 3 |  3.8
Polearms       | 3 |  3.1
Armour         | 1 2 |  2.3
Long Blades    | 1 2 |  2.2
Fighting       | 3 |  3.4
Throwing       | |  1.7

Action                     |  1- 3 |  4- 6 || total
---------------------------+-------+-------++-------
  Melee: Trident           |    90 |       ||    90
         Kick              |    22 |     6 ||    28
         Long sword        |    12 |    45 ||    57
    Use: Scroll            |       |     5 ||     5
         Potion            |       |     4 ||     4
 Armour: Ring mail         |    32 |     6 ||    38
         Scale mail        |       |     9 ||     9
  Dodge: Dodged            |    55 |    22 ||    77
